 Dungeon Crawl Stone Soup version 0.29.0-4-gdea44cf6ec (webtiles) character file.

Game seed: 12334678322783636670

145033 qw the Severer (level 17, -29/169 HPs)
             Began as a Gargoyle Berserker on Sept 8, 2022.
             Was an Elder of Trog.
             Killed from afar by Nikola (32 damage)
             ... with an arc of chain lightning
             ... on level 3 of the Snake Pit.
             The game lasted 00:13:44 (35669 turns).

qw the Severer (Gargoyle Berserker)                Turns: 35669, Time: 00:13:45

Health: -29/169    AC: 51    Str: 27    XL:     17   Next: 41%
Magic:  0/17       EV:  8    Int:  7    God:    Trog [****..]
Gold:   158        SH: 31    Dex: 14    Spells: 16/16 levels left

rFire   . . .      SeeInvis +   Y - +5 broad axe (flame)
rCold   + + .      Faith    .   m - +5 tower shield "Rorrot" {rElec rC+}
rNeg    + . .      Spirit   +   y - +5 plate armour {rC+}
rPois   inf        Reflect  .   w - +2 helmet
rElec   +          Harm     .   d - +1 cloak "Zyudouj" {Int-3 Dex+5}
rCorr   .          Rampage  .   l - +2 pair of gloves
Will    +....      NoTele   +   n - +2 pair of boots
Stlth   ..........              o - brooch of Shielding {Spirit SH+8}
HPRegen 0.38/turn               h - ring of see invisible
MPRegen 0.15/turn               f - +4 ring of protection

@: berserking, untranslocatable, flying, very quick
A: sickness immunity, AC +12, big wings, negative energy resistance 1,
electricity resistance, torment resistance 1, petrification resistance
a: Renounce Religion, Berserk, Trog's Hand, Brothers in Arms


You were on level 3 of the Snake Pit.
You worshipped Trog.
Trog was greatly pleased with you.
You visited 4 branches of the dungeon, and saw 25 of its levels.
You also visited: Gauntlet.

You collected 2511 gold pieces.
You spent 2353 gold pieces at shops.


Innate Abilities, Weirdness & Mutations

You are immune to sickness and miasma.
Your stone body is resilient. (AC +12)
You are immune to poison.
Your large and strong wings let you fly.
You resist negative energy. (rN+)
You are resistant to electric shocks. (rElec)
You are resistant to unholy torment.
You are immune to petrification.


   Skills:
 - Level 15.0 Fighting
 - Level 18.0 Axes
 - Level 6.1 Throwing
 - Level 14.3 Armour
 - Level 5.0 Dodging
 + Level 14.6 Shields


You had 16 spell levels left.
You didn't know any spells.
Your spell library was empty.

Inventory:

Hand Weapons
 Y - a +5 broad axe of flaming (weapon)
Missiles
 k - 16 boomerangs (quivered)
 u - a javelin
Armour
 d - the +1 cloak "Zyudouj" (worn) {Int-3 Dex+5}
   (You found it on level 3 of the Lair of Beasts)

   Int:       It affects your intelligence (-3).
   Dex:       It affects your dexterity (+5).
 i - the +0 pair of gloves of Ziogaf {Harm Str+4 Dex+3}
   (You found it in a Gauntlet)

   Str:       It affects your strength (+4).
   Dex:       It affects your dexterity (+3).
   Harm:      It increases damage dealt and taken.
 l - a +2 pair of gloves (worn)
 m - the +5 tower shield "Rorrot" (worn) {rElec rC+}
   (You acquired it on level 2 of the Snake Pit)

   rC:        It protects you from cold.
   rElec:     It insulates you from electricity.
 n - a +2 pair of boots (worn)
 w - a +2 helmet (worn)
 y - a +5 plate armour of cold resistance (worn)
Jewellery
 f - a +4 ring of protection (right hand)
 h - a ring of see invisible (left hand)
 o - the brooch of Shielding (around neck) {Spirit SH+8}
   (You found it on level 3 of the Dungeon)

   [amulet of guardian spirit]

   It causes incoming damage to be divided between your reserves of health and
   magic.
   SH:        It affects your SH (+8).
 p - a +6 ring of dexterity
 x - a ring of protection from fire
 C - the ring "Cosoneq" {Ice Str+3}
   (You bought it in a shop on level 2 of the Orcish Mines)

   [ring of ice]

   It enhances your ice magic.
   Str:       It affects your strength (+3).
   rF:        It makes you vulnerable to fire.
   rC:        It protects you from cold.
 D - a ring of protection from cold
 E - a ring of protection from fire
Wands
 A - a wand of digging (4)
Scrolls
 e - 17 scrolls of teleportation
 g - 14 scrolls of identify
Potions
 a - 5 potions of might
 b - 7 potions of haste
 j - 17 potions of curing
 q - 3 potions of cancellation
 z - a potion of mutation

Dungeon Overview and Level Annotations

Branches:
Dungeon (15/15)            Temple (0/1) D:7            Lair (5/5) D:11
 Shoals (0/4) Lair:2        Snake (3/4) Lair:2        Slime (0/5) Lair:4
    Orc (2/2) D:9             Elf (0/3) Orc:2        Vaults (0/5) D:14
 Depths (0/4) D:15        Gauntlet (visited)

Altars:
Cheibriados
Dithmenos
Fedhas
Gozag
Ru
Sif Muna
Trog
Vehumet
Yredelemnul
Zin
Jiyva
Lugonu

Shops:
D:6 (   D:8 [   Orc:1 *   Orc:2 =*[(   Snake:2 ?(!*

Portals:
Abyss: Lair:5

Annotations:
D:4 2 transporters
D:7 1 runed translucent door, Crazy Yiuf
D:11 1 runed translucent door, qw's ghost, journeyman DsCA
D:13 1 transporter, HilariousDeathArtist's ghost, journeyman VSBe
Snake:2 2 transporters, Akuuror's ghost, adept GrFi
Snake:3 Nikola


Message History

The nagaraja constricts you.
You slash the nagaraja! You burn the nagaraja.
The nagaraja is severely wounded.
The nagaraja spits poison at you. You block the splash of poison.
The nagaraja constricts you.
Nikola casts a spell.
Lightning arcs from Nikola's hands!
The bolt of lightning hits you!! You resist.
A bolt of lightning appears from out of thin air!
The bolt of lightning hits the nagaraja!!!
The nagaraja dies!
You hear a shout!
35664 ||| DRINKING 2 potions of heal wounds.
You feel much better.
Nikola casts a spell.
Lightning arcs from Nikola's hands!
The bolt of lightning hits you!!! You resist.
35665 ||| DRINKING potion of heal wounds.
You feel much better.
You recover from your berserk rage.
Nikola casts a spell at you. The bolt of lightning hits you! You resist.
The bolt of lightning hits you! You resist.
Things that are here:
a +0 short sword; a +0 robe; 5 gold pieces
35667 ||| INVOKING Berserk.
A red film seems to cover your vision as you go berserk!
You feel yourself moving faster!
You feel mighty!
Nikola gestures wildly while chanting.
Lightning arcs from Nikola's hands!
The bolt of lightning hits you!! You resist.
A bolt of lightning appears from out of thin air!
The bolt of lightning hits Nikola.
Nikola resists.
You feel a strong urge to attack something.
Nikola hits you but does no damage.
The arc blade crackles.
You resist.
You are struck by an arc of lightning.
You see here a +0 glaive.
You slash Nikola! You burn Nikola.
Nikola is heavily wounded.
Nikola mumbles some strange words.
Lightning arcs from Nikola's hands!
The bolt of lightning hits you!! You resist.
You die...

### ..#### ....)##
^...... .......
#########.....#
#.....[)#)...# .
#...))).%....# ..
#...)@..#....#
...#...@...#....#
.......)%%.#.....#
###......%.##.....#
#....<....#......
#........##.#....
#........# .#....
+.######## #.


You could see Nikola.

Vanquished Creatures
  Saint Roka (Snake:2)
  Jorgrun (D:15)
  Gastronok (Lair:1)
  2 nagarajas
  An orc warlord (Orc:2)
  Nessos (D:14)
  A minotaur (Gauntlet)
  Azrael (D:15)
  An ice dragon (D:15)
  A salamander tyrant (Snake:2)
  Harold (D:11)
  A fire dragon (D:15)
  12 hydras
  An ogre mage (D:15)
  4 vault guards (D:14)
  2 boulder beetles
  5 anacondas
  3 centaur warriors
  12 two-headed ogres
  Erica (Orc:1)
  3 naga warriors (Snake:2)
  3 tengu warriors
  2 death scarabs (Gauntlet)
  An alligator (shapeshifter) (Lair:5)
  6 death yaks (Lair:3)
  5 naga sharpshooters
  3 thrashing horrors (Lair:5)
  An orc high priest (Orc:2)
  3 shock serpents (Snake:2)
  A deep elf knight (D:14)
  Amaemon (Lair:3)
  A skeletal warrior (D:8)
  2 salamander mystics
  A spectral hydra (Gauntlet)
  3 naga ritualists
  A wizard (D:14)
  10 mana vipers
  6 orc knights
  4 orc sorcerers
  A necromancer (Lair:2)
  2 deep elf pyromancers
  2 cyclopes (D:10)
  15 ugly things
  6 manticores
  8 salamanders
  2 elephants (Lair:1)
  25 black mambas
  6 naga magi
  A guardian serpent (shapeshifter) (D:15)
  A smoke demon (Lair:5)
  An orange demon (Lair:3)
  A gargoyle (D:8)
  Maurice (D:8)
  An unseen horror (D:8)
  A torpor snail (Lair:5)
  Maggie (D:6)
  11 cane toads
  3 efreet
  A freezing wraith (D:8)
  8 komodo dragons
  3 kobold demonologists
  2 tengu conjurers (D:14)
  9 rime drakes
  4 ancient zymes (Lair:5)
  9 trolls
  A meliai (shapeshifter) (Lair:5)
  5 polar bears
  A tyrant leech (Gauntlet)
  6 meliai
  A queen bee (D:15)
  19 blink frogs
  A hornet (shapeshifter) (Lair:5)
  3 hornets
  10 slime creatures
  3 dream sheep (Lair:5)
  A spectral black mamba (Gauntlet)
  2 ynoxinuls (Lair:5)
  A jumping spider (shapeshifter) (D:14)
  2 spriggans (Lair:5)
  A centaur simulacrum (D:15)
  13 basilisks
  2 water elementals (D:14)
  A human (shapeshifter) (D:14)
  23 yaks
  2 vampires
  5 fire elementals (D:15)
  2 spectral komodo dragons (Gauntlet)
  A human (D:14)
  6 steam dragons
  8 wyverns
  9 vampire mosquitoes
  5 wargs
  27 nagas
  4 swamp worms (Gauntlet)
  2 acid dragons
  14 water moccasins
  2 hell hounds (D:15)
  27 orc warriors
  6 ice beasts
  4 sky beasts
  A black bear (D:4)
  7 centaurs
  13 ogres
  14 wolves
  2 phantoms
  5 kobold brigands
  9 bullfrogs
  2 gnoll sergeants
  2 scorpions
  2 necrophages (D:6)
  2 wights
  9 small abominations (Lair:5)
  39 killer bees
  16 howler monkeys
  An electric eel (Lair:1)
  2 hounds (D:5)
  8 jellies
  2 gnoll boudas
  8 orc priests
  4 iguanas
  9 orc wizards
  8 hell rats (Lair:4)
  2 polar bear simulacra (Lair:2)
  4 yak simulacra (Lair:2)
  3 wolf simulacra (Lair:2)
  11 gnolls
  7 adders
  A river rat (D:4)
  A white imp (D:5)
  3 dart slugs
  34 orcs
  9 endoplasms
  5 giant cockroaches
  5 goblins
  9 hobgoblins
  15 jackals
  3 quokkas
  9 ball pythons
  4 bats
  3 frilled lizards
  15 kobolds
  10 rats
  2 river rat simulacra (Lair:2)
775 creatures vanquished.

Vanquished Creatures (collateral kills)
  A hydra (Lair:1)
  An orc high priest (Orc:2)
  An orc knight (Orc:1)
  A salamander (Snake:2)
  An elephant (Lair:1)
  A warg (Orc:1)
  Grum (Lair:1)
  2 orc warriors (Snake:2)
9 creatures vanquished.

Vanquished Creatures (others)
  A nagaraja (Snake:3)
  A naga ritualist (Snake:3)
  A mana viper (Snake:3)
  A salamander (Snake:3)
  A naga (Snake:1)
  A sky beast (D:8)
  An orc (Orc:1)
  14 demonic plants (Gauntlet)
  33 fungi
  55 plants
  2 withered plants (D:11)
111 creatures vanquished.

Grand Total: 895 creatures vanquished

Notes
Turn   | Place    | Note
-------+----------+-------------------------------------------
     0 | D:1      | qw the Gargoyle Berserker began the quest for the Orb.
     0 | D:1      | Reached XP level 1. HP: 14/14 MP: 1/1
     0 | D:1      | 0 ||| qw: Version: 0.1-a-112-g44dc6cd
     0 | D:1      | 0 ||| qw: Game counter: 6763
     0 | D:1      | 0 ||| qw: Always use a shield: true
     0 | D:1      | 0 ||| qw: Do Orc after D:15 true
     0 | D:1      | 0 ||| qw: Do second Lair branch before Depths: true
     0 | D:1      | 0 ||| qw: Lair rune preference: random
     0 | D:1      | 0 ||| qw: Plans: Normal
     0 | D:1      | 0 ||| PLANNING D:1-11
    16 | D:1      | 16 ||| Stepping ~*~*~tactically~*~*~ (stealth).
    24 | D:1      | Reached skill level 3 in Axes
    27 | D:1      | 27 ||| INVOKING Berserk.
    35 | D:1      | Reached XP level 2. HP: 10/19 MP: 2/2
   418 | D:1      | 418 ||| Stepping ~*~*~tactically~*~*~ (hiding).
   556 | D:1      | 556 ||| Stepping ~*~*~tactically~*~*~ (stealth).
   573 | D:1      | 573 ||| SWAPPING to +2 hand axe of draining.
   574 | D:1      | 574 ||| DROPPING +0 hand axe.
   778 | D:1      | Reached XP level 3. HP: 23/23 MP: 3/3
   802 | D:1      | 802 ||| Stepping ~*~*~tactically~*~*~ (stealth).
   808 | D:1      | 808 ||| Stepping ~*~*~tactically~*~*~ (stealth).
   809 | D:1      | 809 ||| Stepping ~*~*~tactically~*~*~ (stealth).
   880 | D:1      | Reached ** piety under Trog
   888 | D:1      | 888 ||| Stepping ~*~*~tactically~*~*~ (stealth).
   951 | D:1      | 951 ||| Stepping ~*~*~tactically~*~*~ (stealth).
   959 | D:1      | Reached skill level 4 in Axes
  1034 | D:1      | 1034 ||| UPGRADING to +0 leather armour.
  1044 | D:1      | 1044 ||| DROPPING +0 animal skin.
  1045 | D:1      | 1045 ||| READING scroll labelled VOODIJ PUHOVUH.
  1046 | D:1      | 1046 ||| READING 4 scrolls labelled TOOJOLYMAT.
  1051 | D:1      | 1051 ||| READING scroll labelled XYNIEM XORO.
  1052 | D:1      | 1052 ||| READING scroll labelled KACYCR WEPH.
  1104 | D:1      | 1104 ||| READING scroll labelled TUTALE TIFU.
  1105 | D:1      | 1105 ||| READING 3 scrolls labelled WEGUFOQORY.
  1106 | D:1      | 1106 ||| READING scroll labelled MAJULL TUAGUSM.
  1332 | D:2      | 1332 ||| Stepping ~*~*~tactically~*~*~ (stealth).
  1415 | D:2      | Found a snail-covered altar of Cheibriados.
  1602 | D:2      | Found a faded altar of an unknown god.
  1682 | D:2      | 1682 ||| SWAPPING to +2 hand axe of flaming.
  1683 | D:2      | 1683 ||| DROPPING +0 club.
  1684 | D:2      | 1684 ||| DROPPING +2 hand axe of venom.
  1768 | D:2      | Reached XP level 4. HP: 28/28 MP: 4/4
  1984 | D:2      | 1984 ||| UPGRADING to +0 ring mail.
  1994 | D:2      | 1994 ||| DROPPING +0 leather armour.
  1995 | D:2      | 1995 ||| UPGRADING to ring of see invisible.
  1996 | D:2      | 1996 ||| READING 3 scrolls labelled VUPNEZ LIKUEP.
  1997 | D:2      | 1997 ||| READING scroll labelled YPRUUS HUOTULESKA.
  1998 | D:2      | 1998 ||| DRINKING 2 purple potions.
  1999 | D:2      | 1999 ||| READING 2 scrolls of identify.
  1999 | D:2      | 1999 ||| IDENTIFYING green potion
  2020 | D:3      | Found a glowing silver altar of Zin.
  2053 | D:3      | 2053 ||| INVOKING Berserk.
  2055 | D:3      | Reached skill level 5 in Axes
  2055 | D:3      | Reached XP level 5. HP: 32/32 MP: 5/5
  2237 | D:3      | Found the brooch of Shielding {Spirit SH+8}
  2707 | D:3      | 2707 ||| Stepping ~*~*~tactically~*~*~ (stealth).
  2708 | D:3      | 2708 ||| Stepping ~*~*~tactically~*~*~ (stealth).
  2796 | D:3      | 2796 ||| UPGRADING to +0 pair of gloves.
  2801 | D:3      | 2801 ||| UPGRADING to +0 pair of boots.
  2806 | D:3      | 2806 ||| READING 2 scrolls of enchant armour.
  2806 | D:3      | 2806 ||| ENCHANTING +0 pair of gloves.
  2807 | D:3      | 2807 ||| READING scroll of enchant armour.
  2807 | D:3      | 2807 ||| ENCHANTING +1 pair of gloves.
  2808 | D:3      | 2808 ||| UPGRADING to brooch of Shielding {Spirit SH+8}.
  2813 | D:3      | 2813 ||| DROPPING amulet of faith.
  2814 | D:3      | 2814 ||| READING scroll labelled MIAKETUKHI.
  2815 | D:3      | 2815 ||| READING 2 scrolls labelled TUZELIPHIRGH.
  2816 | D:3      | 2816 ||| READING scroll labelled LAORONT INGA.
  2817 | D:3      | 2817 ||| DRINKING 2 fizzy orange potions.
  2818 | D:3      | 2818 ||| READING 3 scrolls of identify.
  2818 | D:3      | 2818 ||| IDENTIFYING metallic black potion
  2819 | D:3      | 2819 ||| READING 2 scrolls of identify.
  2819 | D:3      | 2819 ||| IDENTIFYING puce potion
  2820 | D:3      | 2820 ||| DROPPING potion of brilliance.
  2821 | D:3      | 2821 ||| DROPPING scroll of fog.
  2822 | D:3      | 2822 ||| DROPPING potion of invisibility.
  2823 | D:3      | 2823 ||| DROPPING potion of flight.
  2877 | D:4      | Noticed a phantom
  2878 | D:4      | 2878 ||| PLANNING SEWER
  2881 | D:4      | 2881 ||| INVOKING Berserk.
  2887 | D:4      | Killed a phantom
  2888 | D:4      | Reached XP level 6. HP: 38/38 MP: 6/6
  3040 | D:4      | Noticed a black bear
  3042 | D:4      | 3042 ||| INVOKING Berserk.
  3046 | D:4      | Killed a black bear
  3047 | D:4      | Reached skill level 6 in Axes
  3187 | D:4      | Found a shimmering blue altar of Sif Muna.
  3210 | D:4      | 3210 ||| Stepping ~*~*~tactically~*~*~ (stealth).
  3247 | D:4      | 3247 ||| INVOKING Berserk.
  3248 | D:4      | 3248 ||| INVOKING Berserk.
  3283 | D:4      | 3283 ||| Stepping ~*~*~tactically~*~*~ (stealth).
  3388 | D:4      | Found a transporter.
  3411 | D:4      | Found a transporter.
  3442 | D:4      | 3442 ||| INVOKING Berserk.
  3447 | D:4      | Reached XP level 7. HP: 43/43 MP: 5/7
  3536 | D:4      | 3536 ||| RIP SEWER
  3563 | D:4      | 3563 ||| PLANNING D:1-11
  3619 | D:4      | 3619 ||| INVOKING Berserk.
  3623 | D:4      | Reached skill level 7 in Axes
  3672 | D:4      | 3672 ||| Stepping ~*~*~tactically~*~*~ (stealth).
  3673 | D:4      | 3673 ||| Stepping ~*~*~tactically~*~*~ (stealth).
  3674 | D:4      | 3674 ||| Stepping ~*~*~tactically~*~*~ (stealth).
  3818 | D:4      | Found a bloodstained altar of Trog.
  3923 | D:4      | 3923 ||| Stepping ~*~*~tactically~*~*~ (stealth).
  3940 | D:4      | 3940 ||| Stepping ~*~*~tactically~*~*~ (stealth).
  3965 | D:4      | Reached *** piety under Trog
  3966 | D:4      | 3966 ||| Stepping ~*~*~tactically~*~*~ (water).
  4081 | D:4      | Found a basalt altar of Yredelemnul.
  4117 | D:4      | 4117 ||| UPGRADING to +4 ring of protection.
  4118 | D:4      | 4118 ||| READING scroll labelled QICEOL YBAL.
  4136 | D:4      | 4136 ||| DRINKING 2 clear potions.
  4200 | D:4      | 4200 ||| READING 2 scrolls of identify.
  4200 | D:4      | 4200 ||| IDENTIFYING emerald potion
  4201 | D:4      | 4201 ||| DROPPING potion of lignification.
  4211 | D:5      | Entered Level 5 of the Dungeon
  4382 | D:5      | 4382 ||| Stepping ~*~*~tactically~*~*~ (hiding).
  4404 | D:5      | 4404 ||| INVOKING Berserk.
  4420 | D:5      | Reached XP level 8. HP: 49/49 MP: 6/8
  4467 | D:5      | 4467 ||| Stepping ~*~*~tactically~*~*~ (stealth).
  4586 | D:5      | 4586 ||| INVOKING Berserk.
  4589 | D:5      | Reached skill level 8 in Axes
  4597 | D:5      | 4597 ||| Stepping ~*~*~tactically~*~*~ (stealth).
  4850 | D:5      | 4850 ||| Stepping ~*~*~tactically~*~*~ (hiding).
  5037 | D:5      | Reached skill level 6 in Fighting
  5282 | D:5      | 5282 ||| Stepping ~*~*~tactically~*~*~ (hiding).
  5568 | D:5      | 5568 ||| READING 2 scrolls of identify.
  5568 | D:5      | 5568 ||| IDENTIFYING fuming sapphire potion
  5569 | D:5      | 5569 ||| DROPPING potion of degeneration.
  5656 | D:6      | 5656 ||| INVOKING Berserk.
  5841 | D:6      | Found Ymile's Weapon Emporium.
  5884 | D:6      | 5884 ||| Stepping ~*~*~tactically~*~*~ (stealth).
  5890 | D:6      | Reached skill level 9 in Axes
  5890 | D:6      | 5890 ||| Stepping ~*~*~tactically~*~*~ (hiding).
  5899 | D:6      | Reached skill level 3 in Armour
  6110 | D:6      | Noticed Maggie
  6134 | D:6      | 6134 ||| INVOKING Berserk.
  6139 | D:6      | Killed Maggie
  6140 | D:6      | Reached XP level 9. HP: 37/57 MP: 4/9
  6352 | D:6      | 6352 ||| UPGRADING to +0 swamp dragon scales.
  6362 | D:6      | 6362 ||| DROPPING +0 ring mail.
  6363 | D:6      | 6363 ||| DROPPING amulet of reflection.
  6400 | D:7      | 6400 ||| INVOKING Berserk.
  6407 | D:7      | 6407 ||| STAIRDANCE
  6533 | D:7      | 6533 ||| Stepping ~*~*~tactically~*~*~ (stealth).
  6535 | D:7      | 6535 ||| Stepping ~*~*~tactically~*~*~ (stealth).
  6596 | D:7      | 6596 ||| READING scroll of enchant armour.
  6596 | D:7      | 6596 ||| ENCHANTING +0 pair of boots.
  6638 | D:7      | 6638 ||| Stepping ~*~*~tactically~*~*~ (stealth).
  6869 | D:7      | Found a runed translucent door.
  6870 | D:7      | Noticed Crazy Yiuf
  6909 | D:7      | Found a staircase to the Ecumenical Temple.
  6956 | D:7      | Identified the +10 rapier "Oskowid" {vorpal, rC+}
  7007 | D:7      | 7007 ||| Stepping ~*~*~tactically~*~*~ (hiding).
  7013 | D:7      | Reached skill level 10 in Axes
  7278 | D:7      | Found an opulent altar of Gozag.
  7369 | D:7      | Found a sacrificial altar of Ru.
  7370 | D:7      | Found a snail-covered altar of Cheibriados.
  7441 | D:7      | 7441 ||| UPGRADING to +0 chain mail.
  7451 | D:7      | 7451 ||| DROPPING +0 swamp dragon scales.
  7452 | D:7      | 7452 ||| READING scroll labelled KAEPIF OVVICS.
  7453 | D:7      | 7453 ||| READING 2 scrolls of identify.
  7453 | D:7      | 7453 ||| IDENTIFYING metallic dark potion
  7502 | D:8      | Noticed a hornet
  7511 | D:8      | Killed a hornet
  7530 | D:8      | Noticed a freezing wraith
  7530 | D:8      | Noticed an unseen horror
  7531 | D:8      | 7531 ||| Stepping ~*~*~tactically~*~*~ (hiding).
  7534 | D:8      | 7534 ||| INVOKING Berserk.
  7537 | D:8      | Noticed a skeletal warrior
  7550 | D:8      | Killed a freezing wraith
  7551 | D:8      | Reached skill level 6 in Armour
  7551 | D:8      | Reached XP level 10. HP: 64/64 MP: 7/10
  7561 | D:8      | HP: 15/64 [skeletal warrior/+0 spear (4)]
  7562 | D:8      | 7562 ||| READING 3 scrolls of teleportation.
  7563 | D:8      | 7563 ||| DRINKING potion of heal wounds.
  7843 | D:8      | 7843 ||| Stepping ~*~*~tactically~*~*~ (hiding).
  7844 | D:8      | 7844 ||| Stepping ~*~*~tactically~*~*~ (hiding).
  7845 | D:8      | 7845 ||| Stepping ~*~*~tactically~*~*~ (hiding).
  7847 | D:8      | 7847 ||| INVOKING Berserk.
  7863 | D:8      | Killed a skeletal warrior
  7871 | D:8      | Reached skill level 11 in Axes
  8003 | D:8      | 8003 ||| Stepping ~*~*~tactically~*~*~ (stealth).
  8041 | D:8      | 8041 ||| Stepping ~*~*~tactically~*~*~ (stealth).
  8042 | D:8      | 8042 ||| Stepping ~*~*~tactically~*~*~ (stealth).
  8044 | D:8      | 8044 ||| Stepping ~*~*~tactically~*~*~ (hiding).
  8090 | D:8      | 8090 ||| Stepping ~*~*~tactically~*~*~ (stealth).
  8162 | D:8      | Found Haoph's Antique Armour Shop.
  8165 | D:8      | 8165 ||| SHOPLISTING plate armour (644 gold, have 394).
  8165 | D:8      | 8165 ||| BUYING runed scarf (224 gold).
  8165 | D:8      | Bought a runed scarf for 224 gold pieces
  8165 | D:8      | 8165 ||| SHOPLISTING shiny ring mail (196 gold, have 170).
  8241 | D:8      | Killed an unseen horror
  8241 | D:8      | Reached **** piety under Trog
  8242 | D:8      | Reached skill level 9 in Fighting
  8270 | D:8      | 8270 ||| Stepping ~*~*~tactically~*~*~ (hiding).
  8272 | D:8      | 8272 ||| INVOKING Berserk.
  8390 | D:8      | 8390 ||| INVOKING Berserk.
  8405 | D:8      | 8405 ||| Stepping ~*~*~tactically~*~*~ (stealth).
  8454 | D:8      | Noticed a two-headed ogre
  8457 | D:8      | 8457 ||| INVOKING Berserk.
  8462 | D:8      | Killed a two-headed ogre
  8463 | D:8      | Reached skill level 12 in Axes
  8540 | D:8      | 8540 ||| Stepping ~*~*~tactically~*~*~ (stealth).
  8562 | D:8      | 8562 ||| INVOKING Berserk.
  8738 | D:8      | 8738 ||| STAIRDANCE
  8865 | D:7      | 8865 ||| DROPPING scarf of shadows.
  8866 | D:7      | 8866 ||| DRINKING 2 sedimented grey potions.
  8867 | D:7      | 8867 ||| DROPPING potion of magic.
  8912 | D:8      | Noticed Maurice
  8926 | D:8      | Killed Maurice
  8927 | D:8      | Reached XP level 11. HP: 71/71 MP: 11/11
  8966 | D:8      | Noticed a two-headed ogre
  8969 | D:8      | 8969 ||| INVOKING Berserk.
  8977 | D:8      | Killed a two-headed ogre
  9122 | D:8      | 9122 ||| INVOKING Berserk.
  9186 | D:8      | Noticed a two-headed ogre
  9191 | D:8      | 9191 ||| INVOKING Berserk.
  9195 | D:8      | Killed a two-headed ogre
  9598 | D:8      | Noticed a manticore
  9605 | D:8      | 9605 ||| Stepping ~*~*~tactically~*~*~ (hiding).
  9610 | D:8      | 9610 ||| INVOKING Berserk.
  9618 | D:8      | Killed a manticore
 10175 | D:8      | 10175 ||| UPGRADING to +0 cloak.
 10218 | D:9      | 10218 ||| STAIRDANCE
 10241 | D:8      | 10241 ||| Stepping ~*~*~tactically~*~*~ (stealth).
 10245 | D:8      | 10245 ||| Stepping ~*~*~tactically~*~*~ (stealth).
 10246 | D:8      | 10246 ||| Stepping ~*~*~tactically~*~*~ (stealth).
 10247 | D:8      | 10247 ||| Stepping ~*~*~tactically~*~*~ (stealth).
 10248 | D:8      | 10248 ||| Stepping ~*~*~tactically~*~*~ (stealth).
 10256 | D:8      | 10256 ||| Stepping ~*~*~tactically~*~*~ (stealth).
 10257 | D:8      | 10257 ||| Stepping ~*~*~tactically~*~*~ (stealth).
 10260 | D:8      | 10260 ||| Stepping ~*~*~tactically~*~*~ (stealth).
 10270 | D:8      | 10270 ||| Stepping ~*~*~tactically~*~*~ (stealth).
 10273 | D:8      | 10273 ||| Stepping ~*~*~tactically~*~*~ (hiding).
 10382 | D:9      | 10382 ||| Stepping ~*~*~tactically~*~*~ (stealth).
 10407 | D:9      | 10407 ||| Stepping ~*~*~tactically~*~*~ (stealth).
 10461 | D:9      | Reached skill level 13 in Axes
 10522 | D:9      | Found a staircase to the Orcish Mines.
 10540 | D:9      | 10540 ||| Stepping ~*~*~tactically~*~*~ (hiding).
 10542 | D:9      | 10542 ||| Stepping ~*~*~tactically~*~*~ (hiding).
 10543 | D:9      | Noticed an eight-headed hydra
 10546 | D:9      | 10546 ||| INVOKING Berserk.
 10552 | D:9      | Killed a three-headed hydra
 10704 | D:9      | 10704 ||| Stepping ~*~*~tactically~*~*~ (hiding).
 10706 | D:9      | 10706 ||| Stepping ~*~*~tactically~*~*~ (hiding).
 10707 | D:9      | 10707 ||| Stepping ~*~*~tactically~*~*~ (hiding).
 10707 | D:9      | Noticed a deep elf pyromancer
 10710 | D:9      | 10710 ||| STAIRDANCE
 10782 | D:8      | 10782 ||| READING scroll labelled PADYT UPOLAH.
 10786 | D:9      | 10786 ||| Stepping ~*~*~tactically~*~*~ (hiding).
 10787 | D:9      | 10787 ||| Stepping ~*~*~tactically~*~*~ (hiding).
 10798 | D:9      | 10798 ||| Stepping ~*~*~tactically~*~*~ (hiding).
 10800 | D:9      | 10800 ||| Stepping ~*~*~tactically~*~*~ (hiding).
 10801 | D:9      | 10801 ||| Stepping ~*~*~tactically~*~*~ (hiding).
 10811 | D:9      | Killed a deep elf pyromancer
 11059 | D:9      | 11059 ||| INVOKING Berserk.
 11214 | D:9      | 11214 ||| Stepping ~*~*~tactically~*~*~ (stealth).
 11223 | D:9      | 11223 ||| Stepping ~*~*~tactically~*~*~ (hiding).
 11225 | D:9      | 11225 ||| INVOKING Berserk.
 11433 | D:9      | Noticed a red ugly thing
 11435 | D:9      | 11435 ||| INVOKING Berserk.
 11444 | D:9      | Killed a red ugly thing
 11445 | D:9      | Reached skill level 3 in Throwing
 11576 | D:9      | Found a shadowy altar of Dithmenos.
 11814 | D:9      | 11814 ||| UPGRADING to +0 plate armour.
 11824 | D:9      | 11824 ||| DROPPING +0 chain mail.
 11844 | D:10     | Entered Level 10 of the Dungeon
 11859 | D:10     | Noticed a two-headed ogre
 11864 | D:10     | 11864 ||| INVOKING Berserk.
 11867 | D:10     | Killed a two-headed ogre
 11868 | D:10     | Reached XP level 12. HP: 77/77 MP: 9/12
 12018 | D:10     | 12018 ||| Stepping ~*~*~tactically~*~*~ (stealth).
 12019 | D:10     | 12019 ||| Stepping ~*~*~tactically~*~*~ (stealth).
 12021 | D:10     | 12021 ||| Stepping ~*~*~tactically~*~*~ (stealth).
 12061 | D:10     | Reached skill level 9 in Armour
 12089 | D:10     | 12089 ||| Stepping ~*~*~tactically~*~*~ (stealth).
 12091 | D:10     | 12091 ||| Stepping ~*~*~tactically~*~*~ (stealth).
 12133 | D:10     | 12133 ||| Stepping ~*~*~tactically~*~*~ (stealth).
 12134 | D:10     | 12134 ||| Stepping ~*~*~tactically~*~*~ (stealth).
 12136 | D:10     | 12136 ||| Stepping ~*~*~tactically~*~*~ (stealth).
 12184 | D:10     | 12184 ||| Stepping ~*~*~tactically~*~*~ (stealth).
 12185 | D:10     | 12185 ||| Stepping ~*~*~tactically~*~*~ (stealth).
 12186 | D:10     | 12186 ||| Stepping ~*~*~tactically~*~*~ (stealth).
 12189 | D:10     | 12189 ||| Stepping ~*~*~tactically~*~*~ (stealth).
 12202 | D:10     | 12202 ||| FLEEEEING.
 12203 | D:10     | 12203 ||| FLEEEEING.
 12204 | D:10     | 12204 ||| FLEEEEING.
 12205 | D:10     | 12205 ||| FLEEEEING.
 12206 | D:10     | 12206 ||| FLEEEEING.
 12207 | D:10     | 12207 ||| FLEEEEING.
 12210 | D:10     | 12210 ||| FLEEEEING.
 12211 | D:10     | 12211 ||| FLEEEEING.
 12212 | D:10     | 12212 ||| FLEEEEING.
 12214 | D:10     | 12214 ||| FLEEEEING.
 12215 | D:10     | 12215 ||| FLEEEEING.
 12216 | D:10     | 12216 ||| FLEEEEING.
 12217 | D:10     | 12217 ||| FLEEEEING.
 12218 | D:10     | 12218 ||| FLEEEEING.
 12220 | D:10     | 12220 ||| FLEEEEING.
 12221 | D:10     | 12221 ||| FLEEEEING.
 12223 | D:10     | 12223 ||| FLEEEEING.
 12224 | D:10     | 12224 ||| FLEEEEING.
 12271 | D:10     | 12271 ||| Stepping ~*~*~tactically~*~*~ (hiding).
 12272 | D:10     | 12272 ||| Stepping ~*~*~tactically~*~*~ (hiding).
 12391 | D:10     | 12391 ||| SWAPPING to +0 war axe.
 12418 | D:10     | Noticed a two-headed ogre
 12430 | D:10     | Killed a two-headed ogre
 12523 | D:10     | 12523 ||| Stepping ~*~*~tactically~*~*~ (stealth).
 12546 | D:10     | 12546 ||| Stepping ~*~*~tactically~*~*~ (stealth).
 12570 | D:10     | Reached skill level 14 in Axes
 12578 | D:10     | Found a blossoming altar of Fedhas.
 12641 | D:10     | Reached ***** piety under Trog
 12732 | D:10     | Noticed a two-headed ogre
 12740 | D:10     | 12740 ||| INVOKING Berserk.
 12744 | D:10     | Killed a two-headed ogre
 13251 | D:10     | 13251 ||| DRINKING 2 fuming brown potions.
 13252 | D:10     | 13252 ||| READING 2 scrolls of identify.
 13252 | D:10     | 13252 ||| IDENTIFYING fuming yellow potion
 13253 | D:10     | 13253 ||| DROPPING potion of attraction.
 13254 | D:10     | 13254 ||| DROPPING potion of ambrosia.
 13340 | D:11     | Found a staircase to the Lair.
 13526 | D:11     | Noticed Harold
 13527 | D:11     | 13527 ||| Stepping ~*~*~tactically~*~*~ (hiding).
 13530 | D:11     | 13530 ||| Stepping ~*~*~tactically~*~*~ (hiding).
 13531 | D:11     | 13531 ||| Stepping ~*~*~tactically~*~*~ (hiding).
 13534 | D:11     | 13534 ||| INVOKING Berserk.
 13542 | D:11     | Killed Harold
 13763 | D:11     | Found a runed translucent door.
 13771 | D:11     | Noticed qw's ghost (journeyman DsCA)
 13777 | D:11     | 13777 ||| Stepping ~*~*~tactically~*~*~ (stealth).
 14173 | D:11     | 14173 ||| Stepping ~*~*~tactically~*~*~ (stealth).
 14217 | D:11     | Noticed a boulder beetle
 14218 | D:11     | 14218 ||| INVOKING Brothers in Arms.
 14219 | D:11     | 14219 ||| INVOKING Berserk.
 14224 | D:11     | Killed a boulder beetle
 14462 | D:11     | 14462 ||| PLANNING LAIR
 14462 | D:11     | 14462 ||| READING scroll labelled ILUET ECU.
 14463 | D:11     | 14463 ||| DRINKING 2 metallic ruby potions.
 14567 | D:11     | 14567 ||| DROPPING potion of berserk rage.
 14597 | Lair:1   | Entered Level 1 of the Lair of Beasts
 14597 | Lair:1   | Noticed Grum
 14600 | Lair:1   | 14600 ||| INVOKING Berserk.
 14623 | Lair:1   | 14623 ||| INVOKING Brothers in Arms.
 14624 | Lair:1   | 14624 ||| INVOKING Brothers in Arms.
 14628 | Lair:1   | HP: 13/80 [Grum/+0 spear (10)]
 14629 | Lair:1   | 14629 ||| READING 5 scrolls of teleportation.
 14629 | Lair:1   | Killed Grum
 14629 | Lair:1   | HP: 4/80 [elephant (10)]
 14630 | Lair:1   | 14630 ||| DRINKING potion of heal wounds.
 14643 | Lair:1   | Reached skill level 15 in Axes
 14702 | Lair:1   | 14702 ||| INVOKING Berserk.
 14714 | Lair:1   | 14714 ||| Stepping ~*~*~tactically~*~*~ (stealth).
 14717 | Lair:1   | 14717 ||| Stepping ~*~*~tactically~*~*~ (stealth).
 14740 | Lair:1   | Noticed a four-headed hydra
 14741 | Lair:1   | 14741 ||| INVOKING Brothers in Arms.
 14746 | Lair:1   | Reached XP level 13. HP: 30/84 MP: 9/13
 14746 | Lair:1   | 14746 ||| SWAPPING to +3 hand axe of flaming.
 14749 | Lair:1   | 14749 ||| SWAPPING to +0 war axe.
 14895 | Lair:1   | 14895 ||| Stepping ~*~*~tactically~*~*~ (stealth).
 14896 | Lair:1   | 14896 ||| Stepping ~*~*~tactically~*~*~ (stealth).
 15125 | Lair:1   | 15125 ||| INVOKING Berserk.
 15392 | Lair:1   | 15392 ||| INVOKING Berserk.
 15508 | Lair:1   | 15508 ||| READING scroll of enchant armour.
 15508 | Lair:1   | 15508 ||| ENCHANTING +1 pair of boots.
 15582 | Lair:1   | 15582 ||| Stepping ~*~*~tactically~*~*~ (stealth).
 15583 | Lair:1   | 15583 ||| Stepping ~*~*~tactically~*~*~ (stealth).
 15590 | Lair:1   | Reached skill level 12 in Fighting
 15595 | Lair:1   | Noticed Gastronok
 15598 | Lair:1   | 15598 ||| Stepping ~*~*~tactically~*~*~ (hiding).
 15601 | Lair:1   | 15601 ||| INVOKING Berserk.
 15613 | Lair:1   | Killed Gastronok
 15901 | Lair:2   | 15901 ||| STAIRDANCE
 15925 | Lair:2   | 15925 ||| Stepping ~*~*~tactically~*~*~ (stealth).
 15926 | Lair:2   | 15926 ||| Stepping ~*~*~tactically~*~*~ (stealth).
 15989 | Lair:2   | 15989 ||| INVOKING Berserk.
 16128 | Lair:2   | 16128 ||| Stepping ~*~*~tactically~*~*~ (stealth).
 16129 | Lair:2   | 16129 ||| Stepping ~*~*~tactically~*~*~ (stealth).
 16130 | Lair:2   | 16130 ||| Stepping ~*~*~tactically~*~*~ (stealth).
 16135 | Lair:2   | 16135 ||| INVOKING Berserk.
 16280 | Lair:2   | Found a staircase to the Shoals.
 16855 | Lair:2   | Found a staircase to the Snake Pit.
 16856 | Lair:2   | 16856 ||| Stepping ~*~*~tactically~*~*~ (hiding).
 16923 | Lair:2   | 16923 ||| Stepping ~*~*~tactically~*~*~ (hiding).
 16924 | Lair:2   | 16924 ||| Stepping ~*~*~tactically~*~*~ (hiding).
 17462 | Lair:2   | 17462 ||| DROPPING ring of magical power.
 17704 | Lair:3   | Noticed Amaemon
 17705 | Lair:3   | 17705 ||| Stepping ~*~*~tactically~*~*~ (hiding).
 17706 | Lair:3   | 17706 ||| Stepping ~*~*~tactically~*~*~ (hiding).
 17711 | Lair:3   | 17711 ||| Stepping ~*~*~tactically~*~*~ (hiding).
 17713 | Lair:3   | 17713 ||| INVOKING Berserk.
 17722 | Lair:3   | Killed Amaemon
 17746 | Lair:3   | HP: 19/86 [death yak (9)]
 17747 | Lair:3   | 17747 ||| READING 6 scrolls of teleportation.
 17747 | Lair:3   | HP: 4/86 [death yak (16)]
 17748 | Lair:3   | 17748 ||| DRINKING 2 potions of heal wounds.
 17749 | Lair:3   | 17749 ||| DRINKING potion of heal wounds.
 18037 | Lair:3   | 18037 ||| INVOKING Berserk.
 18057 | Lair:3   | Reached skill level 16 in Axes
 18192 | Lair:3   | Identified the +1 cloak "Zyudouj" {Int-3 Dex+5}
 18230 | Lair:3   | 18230 ||| INVOKING Brothers in Arms.
 18231 | Lair:3   | 18231 ||| SWAPPING to +3 hand axe of flaming.
 18232 | Lair:3   | 18232 ||| INVOKING Berserk.
 18246 | Lair:3   | 18246 ||| SWAPPING to +0 war axe.
 18336 | Lair:3   | 18336 ||| SWAPPING to +3 hand axe of flaming.
 18338 | Lair:3   | 18338 ||| INVOKING Berserk.
 18360 | Lair:3   | 18360 ||| SWAPPING to +0 war axe.
 18624 | Lair:3   | 18624 ||| INVOKING Berserk.
 18756 | Lair:3   | 18756 ||| INVOKING Berserk.
 18770 | Lair:3   | Reached skill level 12 in Armour
 18927 | Lair:3   | 18927 ||| INVOKING Berserk.
 18956 | Lair:3   | Reached skill level 3 in Dodging
 19305 | Lair:3   | 19305 ||| UPGRADING to +1 cloak "Zyudouj" {Int-3 Dex+5}.
 19315 | Lair:3   | 19315 ||| DROPPING +0 cloak.
 19316 | Lair:3   | 19316 ||| UPGRADING to +0 buckler.
 19336 | Lair:4   | 19336 ||| PLANNING GAUNTLET
 19391 | Lair:4   | 19391 ||| Stepping ~*~*~tactically~*~*~ (stealth).
 19393 | Lair:4   | 19393 ||| Stepping ~*~*~tactically~*~*~ (stealth).
 19400 | Lair:4   | 19400 ||| Stepping ~*~*~tactically~*~*~ (stealth).
 19402 | Lair:4   | 19402 ||| Stepping ~*~*~tactically~*~*~ (stealth).
 19406 | Lair:4   | Found a viscous altar of Jiyva.
 19408 | Lair:4   | 19408 ||| DROPPING +2 hand axe of flaming.
 19416 | Lair:4   | Found a staircase to the Slime Pits.
 19424 | Lair:4   | Reached skill level 1 in Shields
 19529 | Lair:4   | Found a gate leading to a gauntlet.
 19535 | Gauntlet | Entered a Gauntlet
 19535 | Gauntlet | Found a transporter.
 19535 | Gauntlet | Found a transporter.
 19535 | Gauntlet | Found a transporter.
 19536 | Gauntlet | Found a transporter.
 19539 | Gauntlet | Found a transporter.
 19550 | Gauntlet | Found a transporter.
 19556 | Gauntlet | Found a transporter.
 19562 | Gauntlet | Found a transporter.
 19575 | Gauntlet | Found a transporter.
 19597 | Gauntlet | Found a transporter.
 19622 | Gauntlet | Found a transporter.
 19691 | Gauntlet | Found a transporter.
 19729 | Gauntlet | 19729 ||| SWAPPING to +3 hand axe of flaming.
 19730 | Gauntlet | 19730 ||| INVOKING Berserk.
 19739 | Gauntlet | Reached skill level 3 in Shields
 19742 | Gauntlet | Gained mutation: Your large and strong wings let you fly.
                  | [Gargoyle growth]
 19742 | Gauntlet | Reached XP level 14. HP: 92/92 MP: 10/14
 19760 | Gauntlet | 19760 ||| SWAPPING to +0 war axe.
 19811 | Gauntlet | Identified the ring "Xoadghiq" {rElec Will+}
 19816 | Gauntlet | 19816 ||| READING scroll of enchant weapon.
 19816 | Gauntlet | 19816 ||| ENCHANTING +0 war axe.
 19823 | Gauntlet | 19823 ||| READING scroll of enchant weapon.
 19823 | Gauntlet | 19823 ||| ENCHANTING +1 war axe.
 19824 | Gauntlet | 19824 ||| DROPPING ring "Xoadghiq" {rElec Will+}.
 19833 | Gauntlet | 19833 ||| INVOKING Berserk.
 19921 | Gauntlet | 19921 ||| READING scroll of brand weapon.
 19921 | Gauntlet | 19921 ||| BRANDING +2 war axe.
 19922 | Gauntlet | 19922 ||| DROPPING +3 hand axe of flaming.
 19925 | Gauntlet | Identified the +0 pair of gloves of Ziogaf {Harm Str+4
                  | Dex+3}
 19978 | Gauntlet | 19978 ||| Stepping ~*~*~tactically~*~*~ (stealth).
 19979 | Gauntlet | 19979 ||| Stepping ~*~*~tactically~*~*~ (stealth).
 19980 | Gauntlet | 19980 ||| Stepping ~*~*~tactically~*~*~ (stealth).
 19981 | Gauntlet | 19981 ||| Stepping ~*~*~tactically~*~*~ (stealth).
 19984 | Gauntlet | 19984 ||| INVOKING Berserk.
 20138 | Gauntlet | Identified the +12 dagger of Judgement {vorpal, rC+}
 20204 | Lair:4   | 20204 ||| PLANNING LAIR
 20211 | Lair:4   | 20211 ||| Stepping ~*~*~tactically~*~*~ (hiding).
 20227 | Lair:4   | 20227 ||| Stepping ~*~*~tactically~*~*~ (hiding).
 20244 | Lair:4   | Reached skill level 6 in Shields
 20275 | Lair:4   | 20275 ||| Stepping ~*~*~tactically~*~*~ (hiding).
 20291 | Lair:4   | 20291 ||| INVOKING Berserk.
 20462 | Lair:4   | 20462 ||| Stepping ~*~*~tactically~*~*~ (stealth).
 20466 | Lair:4   | 20466 ||| Stepping ~*~*~tactically~*~*~ (hiding).
 20607 | Lair:4   | 20607 ||| INVOKING Berserk.
 20827 | Lair:4   | 20827 ||| Stepping ~*~*~tactically~*~*~ (stealth).
 20829 | Lair:4   | 20829 ||| Stepping ~*~*~tactically~*~*~ (stealth).
 20831 | Lair:4   | 20831 ||| Stepping ~*~*~tactically~*~*~ (hiding).
 21089 | Lair:5   | Entered Level 5 of the Lair of Beasts
 21092 | Lair:5   | 21092 ||| STAIRDANCE
 21128 | Lair:5   | 21128 ||| STAIRDANCE
 21130 | Lair:4   | 21130 ||| INVOKING Berserk.
 21205 | Lair:5   | 21205 ||| STAIRDANCE
 21210 | Lair:5   | 21210 ||| STAIRDANCE
 21216 | Lair:5   | 21216 ||| STAIRDANCE
 21272 | Lair:5   | 21272 ||| INVOKING Berserk.
 21444 | Lair:5   | 21444 ||| INVOKING Berserk.
 21571 | Lair:5   | 21571 ||| FLEEEEING.
 21572 | Lair:5   | 21572 ||| FLEEEEING.
 21573 | Lair:5   | 21573 ||| FLEEEEING.
 21574 | Lair:5   | 21574 ||| FLEEEEING.
 21575 | Lair:5   | 21575 ||| FLEEEEING.
 21575 | Lair:5   | Found a frozen archway.
 21576 | Lair:5   | 21576 ||| FLEEEEING.
 21577 | Lair:5   | 21577 ||| FLEEEEING.
 21578 | Lair:5   | 21578 ||| FLEEEEING.
 21579 | Lair:5   | 21579 ||| FLEEEEING.
 21580 | Lair:5   | 21580 ||| FLEEEEING.
 21581 | Lair:5   | 21581 ||| FLEEEEING.
 21582 | Lair:5   | 21582 ||| FLEEEEING.
 21585 | Lair:5   | 21585 ||| FLEEEEING.
 21586 | Lair:5   | 21586 ||| FLEEEEING.
 21587 | Lair:5   | 21587 ||| FLEEEEING.
 21588 | Lair:5   | 21588 ||| FLEEEEING.
 21589 | Lair:5   | 21589 ||| FLEEEEING.
 21590 | Lair:5   | 21590 ||| FLEEEEING.
 21591 | Lair:5   | 21591 ||| FLEEEEING.
 21592 | Lair:5   | 21592 ||| FLEEEEING.
 21593 | Lair:5   | 21593 ||| FLEEEEING.
 21594 | Lair:5   | 21594 ||| FLEEEEING.
 21595 | Lair:5   | 21595 ||| FLEEEEING.
 21596 | Lair:5   | 21596 ||| FLEEEEING.
 21597 | Lair:5   | 21597 ||| FLEEEEING.
 21598 | Lair:5   | 21598 ||| FLEEEEING.
 21599 | Lair:5   | 21599 ||| FLEEEEING.
 21600 | Lair:5   | 21600 ||| FLEEEEING.
 21601 | Lair:5   | 21601 ||| FLEEEEING.
 21602 | Lair:5   | 21602 ||| FLEEEEING.
 21603 | Lair:5   | 21603 ||| FLEEEEING.
 21604 | Lair:5   | 21604 ||| STAIRDANCE
 21608 | Lair:5   | 21608 ||| INVOKING Berserk.
 21618 | Lair:5   | 21618 ||| STAIRDANCE
 21919 | Lair:5   | 21919 ||| Stepping ~*~*~tactically~*~*~ (stealth).
 21978 | Lair:5   | 21978 ||| FLEEEEING.
 21979 | Lair:5   | 21979 ||| FLEEEEING.
 21992 | Lair:5   | 21992 ||| FLEEEEING.
 21993 | Lair:5   | 21993 ||| FLEEEEING.
 21995 | Lair:5   | 21995 ||| FLEEEEING.
 21996 | Lair:5   | 21996 ||| FLEEEEING.
 21997 | Lair:5   | 21997 ||| FLEEEEING.
 21999 | Lair:5   | 21999 ||| FLEEEEING.
 22001 | Lair:5   | 22001 ||| FLEEEEING.
 22002 | Lair:5   | 22002 ||| FLEEEEING.
 22003 | Lair:5   | 22003 ||| FLEEEEING.
 22004 | Lair:5   | 22004 ||| FLEEEEING.
 22095 | Lair:5   | 22095 ||| Stepping ~*~*~tactically~*~*~ (hiding).
 22105 | Lair:5   | 22105 ||| FLEEEEING.
 22106 | Lair:5   | 22106 ||| FLEEEEING.
 22107 | Lair:5   | 22107 ||| FLEEEEING.
 22108 | Lair:5   | 22108 ||| FLEEEEING.
 22110 | Lair:5   | 22110 ||| FLEEEEING.
 22111 | Lair:5   | 22111 ||| FLEEEEING.
 22112 | Lair:5   | 22112 ||| FLEEEEING.
 22113 | Lair:5   | 22113 ||| FLEEEEING.
 22114 | Lair:5   | 22114 ||| FLEEEEING.
 22115 | Lair:5   | 22115 ||| FLEEEEING.
 22116 | Lair:5   | 22116 ||| FLEEEEING.
 22117 | Lair:5   | 22117 ||| FLEEEEING.
 22118 | Lair:5   | 22118 ||| FLEEEEING.
 22119 | Lair:5   | 22119 ||| FLEEEEING.
 22120 | Lair:5   | 22120 ||| FLEEEEING.
 22121 | Lair:5   | 22121 ||| FLEEEEING.
 22208 | Lair:5   | 22208 ||| FLEEEEING.
 22211 | Lair:5   | 22211 ||| FLEEEEING.
 22212 | Lair:5   | 22212 ||| FLEEEEING.
 22213 | Lair:5   | 22213 ||| FLEEEEING.
 22216 | Lair:5   | 22216 ||| FLEEEEING.
 22217 | Lair:5   | 22217 ||| FLEEEEING.
 22218 | Lair:5   | 22218 ||| FLEEEEING.
 22219 | Lair:5   | 22219 ||| FLEEEEING.
 22221 | Lair:5   | 22221 ||| FLEEEEING.
 22222 | Lair:5   | 22222 ||| FLEEEEING.
 22223 | Lair:5   | 22223 ||| FLEEEEING.
 22224 | Lair:5   | 22224 ||| FLEEEEING.
 22225 | Lair:5   | 22225 ||| FLEEEEING.
 22228 | Lair:5   | 22228 ||| FLEEEEING.
 22229 | Lair:5   | 22229 ||| FLEEEEING.
 22230 | Lair:5   | 22230 ||| FLEEEEING.
 22231 | Lair:5   | 22231 ||| FLEEEEING.
 22232 | Lair:5   | 22232 ||| FLEEEEING.
 22233 | Lair:5   | 22233 ||| FLEEEEING.
 22234 | Lair:5   | 22234 ||| FLEEEEING.
 22235 | Lair:5   | 22235 ||| FLEEEEING.
 22236 | Lair:5   | 22236 ||| FLEEEEING.
 22237 | Lair:5   | 22237 ||| FLEEEEING.
 22238 | Lair:5   | 22238 ||| FLEEEEING.
 22239 | Lair:5   | 22239 ||| FLEEEEING.
 22240 | Lair:5   | 22240 ||| FLEEEEING.
 22243 | Lair:5   | 22243 ||| FLEEEEING.
 22244 | Lair:5   | 22244 ||| FLEEEEING.
 22245 | Lair:5   | 22245 ||| FLEEEEING.
 22246 | Lair:5   | 22246 ||| FLEEEEING.
 22247 | Lair:5   | 22247 ||| FLEEEEING.
 22249 | Lair:5   | 22249 ||| FLEEEEING.
 22250 | Lair:5   | 22250 ||| FLEEEEING.
 22251 | Lair:5   | 22251 ||| FLEEEEING.
 22252 | Lair:5   | 22252 ||| FLEEEEING.
 22253 | Lair:5   | 22253 ||| FLEEEEING.
 22254 | Lair:5   | 22254 ||| FLEEEEING.
 22255 | Lair:5   | 22255 ||| FLEEEEING.
 22256 | Lair:5   | 22256 ||| FLEEEEING.
 22257 | Lair:5   | 22257 ||| STAIRDANCE
 22654 | Lair:5   | 22654 ||| Stepping ~*~*~tactically~*~*~ (stealth).
 22656 | Lair:5   | Reached skill level 6 in Throwing
 22721 | Lair:5   | 22721 ||| Stepping ~*~*~tactically~*~*~ (stealth).
 22820 | Lair:5   | 22820 ||| Stepping ~*~*~tactically~*~*~ (stealth).
 22875 | Lair:5   | 22875 ||| Stepping ~*~*~tactically~*~*~ (hiding).
 22878 | Lair:5   | 22878 ||| Stepping ~*~*~tactically~*~*~ (hiding).
 22879 | Lair:5   | 22879 ||| Stepping ~*~*~tactically~*~*~ (hiding).
 23021 | Lair:5   | 23021 ||| FLEEEEING.
 23022 | Lair:5   | 23022 ||| FLEEEEING.
 23023 | Lair:5   | 23023 ||| FLEEEEING.
 23024 | Lair:5   | 23024 ||| FLEEEEING.
 23025 | Lair:5   | 23025 ||| FLEEEEING.
 23027 | Lair:5   | 23027 ||| FLEEEEING.
 23028 | Lair:5   | 23028 ||| FLEEEEING.
 23029 | Lair:5   | 23029 ||| FLEEEEING.
 23030 | Lair:5   | 23030 ||| FLEEEEING.
 23031 | Lair:5   | 23031 ||| FLEEEEING.
 23032 | Lair:5   | 23032 ||| FLEEEEING.
 23034 | Lair:5   | 23034 ||| FLEEEEING.
 23035 | Lair:5   | 23035 ||| FLEEEEING.
 23036 | Lair:5   | 23036 ||| FLEEEEING.
 23037 | Lair:5   | 23037 ||| FLEEEEING.
 23038 | Lair:5   | 23038 ||| FLEEEEING.
 23039 | Lair:5   | 23039 ||| FLEEEEING.
 23040 | Lair:5   | 23040 ||| FLEEEEING.
 23041 | Lair:5   | 23041 ||| FLEEEEING.
 23042 | Lair:5   | 23042 ||| FLEEEEING.
 23043 | Lair:5   | 23043 ||| FLEEEEING.
 23044 | Lair:5   | 23044 ||| FLEEEEING.
 23045 | Lair:5   | 23045 ||| FLEEEEING.
 23047 | Lair:5   | 23047 ||| FLEEEEING.
 23048 | Lair:5   | 23048 ||| FLEEEEING.
 23049 | Lair:5   | 23049 ||| FLEEEEING.
 23050 | Lair:5   | 23050 ||| FLEEEEING.
 23051 | Lair:5   | 23051 ||| FLEEEEING.
 23053 | Lair:5   | 23053 ||| FLEEEEING.
 23054 | Lair:5   | 23054 ||| FLEEEEING.
 23055 | Lair:5   | 23055 ||| FLEEEEING.
 23056 | Lair:5   | 23056 ||| FLEEEEING.
 23057 | Lair:5   | 23057 ||| FLEEEEING.
 23058 | Lair:5   | 23058 ||| FLEEEEING.
 23059 | Lair:5   | 23059 ||| FLEEEEING.
 23060 | Lair:5   | 23060 ||| FLEEEEING.
 23062 | Lair:5   | 23062 ||| FLEEEEING.
 23063 | Lair:5   | 23063 ||| FLEEEEING.
 23064 | Lair:5   | 23064 ||| FLEEEEING.
 23149 | Lair:5   | 23149 ||| Stepping ~*~*~tactically~*~*~ (stealth).
 23280 | Lair:5   | Found a corrupted altar of Lugonu.
 23280 | Lair:5   | Found a one-way gate to the infinite horrors of the Abyss.
 23355 | Lair:5   | 23355 ||| Stepping ~*~*~tactically~*~*~ (stealth).
 23357 | Lair:5   | 23357 ||| Stepping ~*~*~tactically~*~*~ (stealth).
 23420 | Lair:5   | 23420 ||| READING scroll of enchant armour.
 23420 | Lair:5   | 23420 ||| ENCHANTING +0 plate armour.
 23483 | Lair:5   | Reached XP level 15. HP: 97/98 MP: 15/15
 23562 | Lair:5   | 23562 ||| Stepping ~*~*~tactically~*~*~ (stealth).
 23590 | Lair:5   | 23590 ||| PLANNING D
 23680 | D:12     | 23680 ||| STAIRDANCE
 23775 | D:12     | 23775 ||| STAIRDANCE
 23827 | D:12     | 23827 ||| STAIRDANCE
 23841 | D:11     | Reached skill level 9 in Shields
 23953 | D:12     | 23953 ||| Stepping ~*~*~tactically~*~*~ (stealth).
 23955 | D:12     | 23955 ||| Stepping ~*~*~tactically~*~*~ (stealth).
 23957 | D:12     | 23957 ||| Stepping ~*~*~tactically~*~*~ (stealth).
 23959 | D:12     | 23959 ||| Stepping ~*~*~tactically~*~*~ (stealth).
 23965 | D:12     | 23965 ||| INVOKING Berserk.
 23981 | D:12     | Received a gift from Trog
 24110 | D:12     | 24110 ||| SWAPPING to +3 broad axe of flaming.
 24111 | D:12     | 24111 ||| DROPPING +2 war axe of flaming.
 24258 | D:12     | 24258 ||| Stepping ~*~*~tactically~*~*~ (stealth).
 24260 | D:12     | 24260 ||| Stepping ~*~*~tactically~*~*~ (stealth).
 24264 | D:12     | 24264 ||| INVOKING Berserk.
 24292 | D:12     | 24292 ||| Stepping ~*~*~tactically~*~*~ (stealth).
 24463 | D:12     | 24463 ||| INVOKING Berserk.
 25078 | D:12     | 25078 ||| UPGRADING to +1 hat of stealth.
 25083 | D:12     | 25083 ||| DROPPING ring of positive energy.
 25084 | D:12     | 25084 ||| DROPPING ring of willpower.
 25133 | D:13     | Found a transporter.
 25144 | D:13     | Noticed HilariousDeathArtist's ghost (journeyman VSBe)
 25190 | D:13     | 25190 ||| INVOKING Berserk.
 25519 | D:13     | 25519 ||| Stepping ~*~*~tactically~*~*~ (hiding).
 25644 | D:13     | 25644 ||| INVOKING Berserk.
 26028 | D:13     | 26028 ||| Stepping ~*~*~tactically~*~*~ (hiding).
 26105 | D:13     | 26105 ||| DRINKING 14 potions of curing.
 26105 | D:13     | 26105 ||| (to cure confusion)
 26131 | D:13     | 26131 ||| Stepping ~*~*~tactically~*~*~ (stealth).
 26135 | D:13     | 26135 ||| Stepping ~*~*~tactically~*~*~ (hiding).
 26272 | D:13     | Paralysed by a deep elf pyromancer for 3 turns
 26287 | D:13     | Reached skill level 17 in Axes
 26346 | D:13     | Identified the +6 great mace of the Haunted God {venom,
                  | Fragile rN+++ Will+ Int+2}
 26350 | D:13     | 26350 ||| Stepping ~*~*~tactically~*~*~ (stealth).
 26546 | D:13     | 26546 ||| Stepping ~*~*~tactically~*~*~ (stealth).
 26729 | D:13     | 26729 ||| UPGRADING to +0 kite shield.
 26739 | D:13     | 26739 ||| DROPPING +0 buckler.
 26740 | D:13     | 26740 ||| UPGRADING to +2 helmet.
 26750 | D:13     | 26750 ||| DROPPING +1 hat of stealth.
 26751 | D:13     | 26751 ||| READING 10 scrolls of identify.
 26751 | D:13     | 26751 ||| IDENTIFYING smoky ruby potion
 26859 | D:14     | 26859 ||| Stepping ~*~*~tactically~*~*~ (hiding).
 27049 | D:14     | 27049 ||| Stepping ~*~*~tactically~*~*~ (hiding).
 27063 | D:14     | 27063 ||| Stepping ~*~*~tactically~*~*~ (stealth).
 27196 | D:14     | 27196 ||| INVOKING Trog's Hand.
 27329 | D:14     | 27329 ||| Stepping ~*~*~tactically~*~*~ (stealth).
 27371 | D:14     | 27371 ||| Stepping ~*~*~tactically~*~*~ (hiding).
 27618 | D:14     | 27618 ||| INVOKING Trog's Hand.
 27619 | D:14     | 27619 ||| INVOKING Berserk.
 27766 | D:14     | Found a gate to the Vaults.
 27767 | D:14     | 27767 ||| INVOKING Berserk.
 27890 | D:14     | 27890 ||| Stepping ~*~*~tactically~*~*~ (hiding).
 27894 | D:14     | Noticed Nessos
 27926 | D:14     | 27926 ||| Stepping ~*~*~tactically~*~*~ (stealth).
 27938 | D:14     | Killed Nessos
 28056 | D:14     | 28056 ||| READING 9 scrolls of identify.
 28056 | D:14     | 28056 ||| IDENTIFYING red potion
 28081 | D:15     | Entered Level 15 of the Dungeon
 28145 | D:15     | 28145 ||| Stepping ~*~*~tactically~*~*~ (hiding).
 28175 | D:15     | Noticed Azrael
 28176 | D:15     | 28176 ||| INVOKING Berserk.
 28200 | D:15     | Killed Azrael
 28437 | D:15     | Found a radiant altar of Vehumet.
 28496 | D:15     | 28496 ||| Stepping ~*~*~tactically~*~*~ (hiding).
 28506 | D:15     | Reached skill level 12 in Shields
 28639 | D:15     | 28639 ||| INVOKING Trog's Hand.
 28640 | D:15     | 28640 ||| INVOKING Berserk.
 28644 | D:15     | Reached XP level 16. HP: 104/104 MP: 16/16
 28859 | D:15     | 28859 ||| Stepping ~*~*~tactically~*~*~ (hiding).
 28862 | D:15     | 28862 ||| INVOKING Berserk.
 28943 | D:15     | 28943 ||| Stepping ~*~*~tactically~*~*~ (stealth).
 28944 | D:15     | 28944 ||| Stepping ~*~*~tactically~*~*~ (stealth).
 29053 | D:15     | 29053 ||| Stepping ~*~*~tactically~*~*~ (hiding).
 29151 | D:15     | 29151 ||| Stepping ~*~*~tactically~*~*~ (stealth).
 29152 | D:15     | 29152 ||| Stepping ~*~*~tactically~*~*~ (stealth).
 29154 | D:15     | 29154 ||| INVOKING Berserk.
 29317 | D:15     | 29317 ||| INVOKING Berserk.
 29454 | D:15     | 29454 ||| Stepping ~*~*~tactically~*~*~ (stealth).
 29464 | D:15     | Noticed Jorgrun
 29465 | D:15     | 29465 ||| INVOKING Berserk.
 29475 | D:15     | Killed Jorgrun
 29792 | D:15     | Found a staircase to the Depths.
 30014 | D:15     | 30014 ||| PLANNING ORC
 30170 | Orc:1    | Entered Level 1 of the Orcish Mines
 30236 | Orc:1    | Noticed Erica
 30237 | Orc:1    | 30237 ||| INVOKING Brothers in Arms.
 30238 | Orc:1    | 30238 ||| Stepping ~*~*~tactically~*~*~ (hiding).
 30239 | Orc:1    | 30239 ||| Stepping ~*~*~tactically~*~*~ (hiding).
 30240 | Orc:1    | 30240 ||| Stepping ~*~*~tactically~*~*~ (hiding).
 30241 | Orc:1    | 30241 ||| Stepping ~*~*~tactically~*~*~ (hiding).
 30242 | Orc:1    | 30242 ||| INVOKING Brothers in Arms.
 30243 | Orc:1    | 30243 ||| INVOKING Berserk.
 30253 | Orc:1    | Killed Erica
 30520 | Orc:1    | Found Taclep's CLEARANCE SALE!.
 30529 | Orc:1    | 30529 ||| BUYING potion of haste (40 gold).
 30529 | Orc:1    | Bought a potion of haste for 40 gold pieces
 30538 | Orc:2    | Entered Level 2 of the Orcish Mines
 30540 | Orc:2    | Found Fimmee Gybb's General Store.
 30546 | Orc:2    | 30546 ||| INVOKING Berserk.
 30632 | Orc:2    | 30632 ||| FLEEEEING.
 30633 | Orc:2    | 30633 ||| FLEEEEING.
 30634 | Orc:2    | 30634 ||| FLEEEEING.
 30635 | Orc:2    | 30635 ||| FLEEEEING.
 30636 | Orc:2    | 30636 ||| FLEEEEING.
 30637 | Orc:2    | 30637 ||| STAIRDANCE
 30776 | Orc:2    | 30776 ||| INVOKING Berserk.
 30789 | Orc:2    | 30789 ||| Stepping ~*~*~tactically~*~*~ (hiding).
 30790 | Orc:2    | 30790 ||| Stepping ~*~*~tactically~*~*~ (hiding).
 30793 | Orc:2    | 30793 ||| INVOKING Trog's Hand.
 30798 | Orc:2    | 30798 ||| Stepping ~*~*~tactically~*~*~ (stealth).
 30808 | Orc:2    | 30808 ||| INVOKING Brothers in Arms.
 30819 | Orc:2    | 30819 ||| INVOKING Berserk.
 30821 | Orc:2    | Reached skill level 18 in Axes
 30864 | Orc:2    | 30864 ||| FLEEEEING.
 30865 | Orc:2    | 30865 ||| FLEEEEING.
 30866 | Orc:2    | 30866 ||| FLEEEEING.
 30867 | Orc:2    | 30867 ||| FLEEEEING.
 30869 | Orc:2    | 30869 ||| FLEEEEING.
 30870 | Orc:2    | 30870 ||| FLEEEEING.
 30871 | Orc:2    | 30871 ||| FLEEEEING.
 30872 | Orc:2    | 30872 ||| FLEEEEING.
 30873 | Orc:2    | 30873 ||| STAIRDANCE
 30987 | Orc:2    | 30987 ||| INVOKING Berserk.
 30997 | Orc:2    | 30997 ||| FLEEEEING.
 30998 | Orc:2    | 30998 ||| STAIRDANCE
 31170 | Orc:2    | 31170 ||| BUYING potion of curing (48 gold).
 31170 | Orc:2    | Bought a potion of curing for 48 gold pieces
 31170 | Orc:2    | 31170 ||| BUYING potion of might (64 gold).
 31170 | Orc:2    | Bought a potion of might for 64 gold pieces
 31170 | Orc:2    | 31170 ||| BUYING wand of digging (4) (268 gold).
 31170 | Orc:2    | Bought a wand of digging (4) for 268 gold pieces
 31209 | Orc:2    | Found a staircase to the Elven Halls.
 31261 | Orc:2    | 31261 ||| INVOKING Trog's Hand.
 31262 | Orc:2    | Found Qir Jiad's Antique Weapon Boutique.
 31264 | Orc:2    | 31264 ||| INVOKING Berserk.
 31486 | Orc:2    | Found Jiziocirch's Antique Armour Shoppe.
 31623 | Orc:2    | 31623 ||| INVOKING Trog's Hand.
 31624 | Orc:2    | 31624 ||| Stepping ~*~*~tactically~*~*~ (hiding).
 31625 | Orc:2    | Found Binkyheoh's Jewellery Shoppe.
 31630 | Orc:2    | 31630 ||| INVOKING Berserk.
 31735 | Orc:2    | 31735 ||| INVOKING Berserk.
 31860 | Orc:2    | 31860 ||| BUYING ring "Cosoneq" {Ice Str+3} (421 gold).
 31860 | Orc:2    | Bought the ring "Cosoneq" {Ice Str+3} for 421 gold pieces
 31860 | Orc:2    | 31860 ||| BUYING ring of protection from cold (275 gold).
 31860 | Orc:2    | Bought a ring of protection from cold for 275 gold pieces
 31860 | Orc:2    | 31860 ||| BUYING ring of protection from fire (275 gold).
 31860 | Orc:2    | Bought a ring of protection from fire for 275 gold pieces
 32053 | Orc:2    | 32053 ||| PLANNING SNAKE:1-3
 32053 | Orc:2    | 32053 ||| UPGRADING to +2 plate armour of willpower.
 32063 | Orc:2    | 32063 ||| DROPPING +1 plate armour.
 32064 | Orc:2    | 32064 ||| UPGRADING to +4 plate armour of cold resistance.
 32074 | Orc:2    | 32074 ||| DROPPING +2 plate armour of willpower.
 32075 | Orc:2    | 32075 ||| DROPPING ring of ice.
 32244 | Snake:1  | Entered Level 1 of the Snake Pit
 32263 | Snake:1  | 32263 ||| INVOKING Berserk.
 32322 | Snake:1  | 32322 ||| INVOKING Berserk.
 32669 | Snake:1  | 32669 ||| READING scroll of enchant weapon.
 32669 | Snake:1  | 32669 ||| ENCHANTING +3 broad axe of flaming.
 32711 | Snake:1  | 32711 ||| Stepping ~*~*~tactically~*~*~ (stealth).
 32727 | Snake:1  | 32727 ||| Stepping ~*~*~tactically~*~*~ (stealth).
 32729 | Snake:1  | 32729 ||| Stepping ~*~*~tactically~*~*~ (hiding).
 32994 | Snake:1  | Found the +6 lightning scales {swift, rElec}
 33204 | Snake:1  | 33204 ||| Stepping ~*~*~tactically~*~*~ (hiding).
 33297 | Snake:2  | 33297 ||| Stepping ~*~*~tactically~*~*~ (hiding).
 33301 | Snake:2  | 33301 ||| Stepping ~*~*~tactically~*~*~ (hiding).
 33303 | Snake:2  | 33303 ||| Stepping ~*~*~tactically~*~*~ (hiding).
 33328 | Snake:2  | 33328 ||| Stepping ~*~*~tactically~*~*~ (hiding).
 33336 | Snake:2  | Received a gift from Trog
 33442 | Snake:2  | 33442 ||| Stepping ~*~*~tactically~*~*~ (hiding).
 33450 | Snake:2  | Noticed Saint Roka
 33451 | Snake:2  | 33451 ||| INVOKING Brothers in Arms.
 33462 | Snake:2  | 33462 ||| INVOKING Berserk.
 33472 | Snake:2  | Killed Saint Roka
 33622 | Snake:2  | Found Xatrah's Magic Scroll Shop.
 33624 | Snake:2  | Found Mioshry's Distillery.
 33624 | Snake:2  | Found Tomaneuh's Antique Weapon Shop.
 33629 | Snake:2  | 33629 ||| BUYING 3 scrolls of identify (114 gold).
 33629 | Snake:2  | Bought 3 scrolls of identify for 114 gold pieces
 33629 | Snake:2  | 33629 ||| BUYING 3 scrolls of teleportation (171 gold).
 33629 | Snake:2  | Bought 3 scrolls of teleportation for 171 gold pieces
 33629 | Snake:2  | 33629 ||| BUYING scroll of enchant armour (142 gold).
 33629 | Snake:2  | Bought a scroll of enchant armour for 142 gold pieces
 33629 | Snake:2  | 33629 ||| BUYING scroll of enchant weapon (142 gold).
 33629 | Snake:2  | Bought a scroll of enchant weapon for 142 gold pieces
 33629 | Snake:2  | 33629 ||| BUYING scroll of teleportation (57 gold).
 33629 | Snake:2  | Bought a scroll of teleportation for 57 gold pieces
 33629 | Snake:2  | Found Tumas's Assorted Antiques.
 33660 | Snake:2  | 33660 ||| READING scroll of enchant armour.
 33660 | Snake:2  | 33660 ||| ENCHANTING +4 plate armour of cold resistance.
 33661 | Snake:2  | 33661 ||| READING scroll of enchant weapon.
 33661 | Snake:2  | 33661 ||| ENCHANTING +4 broad axe of flaming.
 33663 | Snake:2  | 33663 ||| SHOPLISTING 2 potions of mutation (224 gold, have
                  | 150).
 33663 | Snake:2  | 33663 ||| BUYING potion of cancellation (112 gold).
 33663 | Snake:2  | Bought a potion of cancellation for 112 gold pieces
 33663 | Snake:2  | 33663 ||| SHOPLISTING potion of curing (42 gold, have 38).
 33669 | Snake:2  | 33669 ||| SHOPLISTING pair of glowing boots (285 gold, have
                  | 48).
 33669 | Snake:2  | 33669 ||| SHOPLISTING potion of curing (114 gold, have 48).
 33714 | Snake:2  | Reached XP level 17. HP: 111/111 MP: 17/17
 33837 | Snake:2  | 33837 ||| Stepping ~*~*~tactically~*~*~ (hiding).
 33991 | Snake:2  | 33991 ||| Stepping ~*~*~tactically~*~*~ (hiding).
 33992 | Snake:2  | 33992 ||| Stepping ~*~*~tactically~*~*~ (hiding).
 34166 | Snake:2  | 34166 ||| Stepping ~*~*~tactically~*~*~ (hiding).
 34167 | Snake:2  | 34167 ||| Stepping ~*~*~tactically~*~*~ (hiding).
 34175 | Snake:2  | 34175 ||| INVOKING Berserk.
 34373 | Snake:2  | 34373 ||| INVOKING Berserk.
 34589 | Snake:2  | Noticed Akuuror's ghost (adept GrFi)
 34590 | Snake:2  | Found a transporter.
 34609 | Snake:2  | 34609 ||| Stepping ~*~*~tactically~*~*~ (hiding).
 34610 | Snake:2  | 34610 ||| Stepping ~*~*~tactically~*~*~ (hiding).
 34611 | Snake:2  | 34611 ||| Stepping ~*~*~tactically~*~*~ (hiding).
 34617 | Snake:2  | Reached skill level 15 in Fighting
 34741 | Snake:2  | Found a transporter.
 34810 | Snake:2  | 34810 ||| Stepping ~*~*~tactically~*~*~ (hiding).
 34813 | Snake:2  | 34813 ||| Stepping ~*~*~tactically~*~*~ (hiding).
 34815 | Snake:2  | 34815 ||| INVOKING Berserk.
 35486 | Snake:2  | 35486 ||| READING scroll labelled WAOHOU WIBAON.
 35486 | Snake:2  | Identified a scroll of acquirement
 35486 | Snake:2  | 35486 ||| ACQUIRING +5 tower shield "Rorrot" {rElec rC+}
 35486 | Snake:2  | Acquired the +5 tower shield "Rorrot" {rElec rC+}
 35488 | Snake:2  | 35488 ||| UPGRADING to +5 tower shield "Rorrot" {rElec
                  | rC+}.
 35498 | Snake:2  | 35498 ||| DROPPING +0 kite shield.
 35609 | Snake:3  | Noticed Nikola
 35612 | Snake:3  | 35612 ||| INVOKING Berserk.
 35654 | Snake:3  | HP: 26/113 [salamander/+0 halberd (8)]
 35655 | Snake:3  | 35655 ||| DRINKING 3 potions of heal wounds.
 35663 | Snake:3  | HP: 22/113 [Nikola/arc of chain lightning (20)]
 35664 | Snake:3  | 35664 ||| DRINKING 2 potions of heal wounds.
 35665 | Snake:3  | 35665 ||| DRINKING potion of heal wounds.
 35667 | Snake:3  | 35667 ||| INVOKING Berserk.
 35667 | Snake:3  | HP: 3/169 [Nikola/arc of chain lightning (33)]
 35669 | Snake:3  | Killed from afar by Nikola

Levels and vault maps discovered:
D:1:      giann_horns, layout_basic
D:2:      layout_basic, basic_altar, ebering_ecumenical_altar_box, serial_glass,
          glass_columns_a, glass_columns_b
D:3:      layout_loops_ring, mainiacjoe_overflow_catwalk
D:4:      gammafunk_wand_slinger, layout_gridville, general_overflow_altar,
          mainiacjoe_overflow_small_starburst,
          mainiacjoe_overflow_surrounded_room, portal_sewer_entry_e
D:5:      layout_basic, glass_columns_a
D:6:      layout_basic, serial_shops, nicolae_shop_bloodbath_and_beyond,
          minmay_manual_moon, uniq_maggie
D:7:      layout_cave_pools, nicolae_gozag_seed_capital,
          gammafunk_temple_overflow_statue, temple_fountains, nrook_uturn,
          uniq_crazy_yiuf_cottage
D:8:      nzn_winding_woodlands_stair_cross
          [nzn_winding_woodlands_5x15_split_checker,
          nzn_winding_woodlands_center_lodge, nzn_winding_woodlands_5x15_parted,
          nzn_winding_woodlands_5x5_default,
          nzn_winding_woodlands_5x5_perimeter,
          nzn_winding_woodlands_5x15_concentric,
          nzn_winding_woodlands_center_pierced_h,
          nzn_winding_woodlands_5x15_pool], layout_basic, serial_shops,
          kennysheep_mini_moat, hex_intersection, uniq_maurice
D:9:      wad_arrow_thing, layout_cave_pools, nicolae_dithmenos_shadow_blocks,
          grunt_decor_junction
D:10:     layout_roguey, lemuel_coloured_pillars_altar,
          minmay_increasing_density
D:11:     layout_basic, erik_lair_orcish_takeover, gammafunk_ghost_grave,
          uniq_harold
D:12:     layout_cave_pods, skrybe_limestone_x, minivault_27,
          nicolae_figureground_pulse
D:13:     layout_roguey, gammafunk_ghost_smash, serial_co_window_serial,
          co_window_paths_a, co_window_corner_a, co_window_of_opportunity_a,
          co_window_of_opportunity_a, co_window_paths_a, co_window_corner_a,
          co_window_corner_b, co_window_paths_c, co_window_corner_b,
          co_window_broadway_a, co_window_4corner_b, co_window_sun
D:14:     layout_rooms, grunt_vaults_entry_fortified, serial_park_square1
          [serial_park_minivault_5x5_2], dreamdust_princess_bridge, uniq_nessos
D:15:     grunt_enter_depths_hoard, layout_basic, hangedman_decor_points,
          special_room [special_room_bee], nicolae_vehumet_altar_sigil,
          uniq_azrael, uniq_jorgrun
Lair:1:   wander_river, layout_cave_shapes, grunt_megastairs_2,
          serial_bayou_shore_a, uniq_grum, uniq_gastronok
Lair:2:   layout_layer_cave, shoals_dummy_entry,
          minmay_snake_entry_guardpost_small, special_room, st_stairs_12,
          nicolae_lair_grove_arrangements, eino_house_with_fridge
Lair:3:   layout_regular_city, cheibrodos_lair_caveside_slide, uniq_amaemon
Lair:4:   layout_roguey [special_room_mythical_zoo], minmay_slime_entry_pillars,
          gauntlet_entry_generic
Lair:5:   hellmonk_lair_end_abyssal_woods, layout_gridlike,
          portal_ice_cave_entry_pillars_1
Snake:1:  layout_gridlike, nicolae_integral_box
Snake:2:  layout_chambers, gammafunk_ghost_arena,
          nicolae_snake_guarding_the_ruins, minmay_shoptagon, uniq_saint_roka
Snake:3:  layout_cave_town, fake_guardian_serpent_vault, uniq_nikola
Orc:1:    layout_caves, nicolae_shop_clearance, uniq_erica
Orc:2:    grunt_orc_gardens, layout_caves, grunt_orc_garden, grunt_orc_garden,
          grunt_orc_garden, grunt_orc_garden, basic_altar

Skill      XL: |  1  2  3  4  5  6  7  8  9 10 11 12 13 14 15 16 17 |
---------------+----------------------------------------------------+-----
Axes           | 3 4 5 6 7 9 10 12 13 15 16 17 18 | 18.0
Fighting       | 4 5 7 8 9 10 11 12 13 14 15 | 15.0
Throwing       | 2 3 6 |  6.1
Armour         | 3 6 7 8 10 12 13 14 | 14.3
Dodging        | 2 3 4 5 |  5.0
Shields        | 3 8 12 14 | 14.6

Action                   |  1- 3 |  4- 6 |  7- 9 | 10-12 | 13-15 | 16-18 || total
-------------------------+-------+-------+-------+-------+-------+-------++-------
Melee: Hand axe          |    94 |    61 |   280 |   473 |    29 |       ||   937
       Punch             |       |       |     2 |     3 |     5 |       ||    10
       War axe           |       |       |       |   190 |   852 |       ||  1042
       Broad axe         |       |       |       |       |   396 |   615 ||  1011
Throw: Boomerang         |       |    34 |    55 |    83 |    96 |     4 ||   272
       Javelin           |       |       |       |       |   118 |    34 ||   152
Invok: Berserk           |     1 |     5 |     7 |    19 |    30 |    20 ||    82
       Brothers in Arms  |       |       |       |     3 |     1 |     3 ||     7
       Trog's Hand       |       |       |       |       |     3 |     3 ||     6
  Use: Scroll            |     7 |    10 |     6 |     5 |     8 |     4 ||    40
       Potion            |       |     2 |     1 |     5 |     3 |     3 ||    14
 Stab: Distracted        |       |       |       |     3 |       |     1 ||     4
Armor: Animal skin       |    21 |       |       |       |       |       ||    21
       Leather armour    |     7 |       |       |       |       |       ||     7
       Ring mail         |       |    21 |    47 |       |       |       ||    68
       Swamp dragon scal |       |       |    46 |       |       |       ||    46
       Chain mail        |       |       |    11 |   172 |       |       ||   183
       Plate armour      |       |       |       |   167 |   582 |   208 ||   957
Dodge: Dodged            |    36 |    23 |   112 |   194 |   252 |    86 ||   703
Block: Other             |       |     8 |   116 |   224 |    78 |       ||   426
       Buckler           |       |       |       |       |   367 |       ||   367
       Kite shield       |       |       |       |       |   192 |   467 ||   659
       Tower shield      |       |       |       |       |       |   108 ||   108

Table legend:
 A = Non-vault XP
 B = Vault XP
 C = Vault XP percentage of total XP
 D = Non-vault monster count
 E = Vault monster count
 F = Vault count percentage of total count
                 A         B        C        D         E       F
            +---------+---------+-------+---------+---------+-------
      Total |  131522 |   75668 |  36.5 |     508 |     281 |  35.6
            +---------+---------+-------+---------+---------+-------
        D:1 |      58 |       0 |   0.0 |      32 |       0 |   0.0
        D:2 |      50 |       0 |   0.0 |      18 |       0 |   0.0
        D:3 |      78 |       0 |   0.0 |      14 |       0 |   0.0
        D:4 |     615 |      35 |   5.4 |      30 |       8 |  21.1
        D:5 |    1046 |       0 |   0.0 |      23 |       0 |   0.0
        D:6 |     306 |     552 |  64.3 |       4 |       5 |  55.6
        D:7 |    1145 |       0 |   0.0 |      20 |       0 |   0.0
        D:8 |    2341 |    7575 |  76.4 |      18 |      34 |  65.4
        D:9 |    1406 |    2771 |  66.3 |      20 |      11 |  35.5
       D:10 |    4138 |    2760 |  40.0 |      17 |      10 |  37.0
       D:11 |    3352 |    1516 |  31.1 |      19 |      10 |  34.5
       D:12 |    7649 |       0 |   0.0 |      17 |       0 |   0.0
       D:13 |    9737 |       0 |   0.0 |      24 |       0 |   0.0
       D:14 |    8382 |    7093 |  45.8 |      19 |      11 |  36.7
       D:15 |   12280 |    8482 |  40.9 |      27 |      36 |  57.1
     Lair:1 |    7368 |    2085 |  22.1 |      25 |       6 |  19.4
     Lair:2 |    2503 |    1126 |  31.0 |      12 |      14 |  53.8
     Lair:3 |    8791 |    1191 |  11.9 |      17 |       2 |  10.5
     Lair:4 |    3695 |    6136 |  62.4 |       9 |      30 |  76.9
     Lair:5 |    9667 |   11616 |  54.6 |      34 |      37 |  52.1
    Snake:1 |   15743 |       0 |   0.0 |      39 |       0 |   0.0
    Snake:2 |   20338 |    7668 |  27.4 |      35 |      27 |  43.5
    Snake:3 |    8592 |       0 |   0.0 |      17 |       0 |   0.0
      Orc:1 |    1517 |     836 |  35.5 |      11 |       1 |   8.3
      Orc:2 |     725 |    9291 |  92.8 |       7 |      27 |  79.4
   Gauntlet |       0 |    4935 | 100.0 |       0 |      12 | 100.0
            +---------+---------+-------+---------+---------+-------
